A - U25
CEDAR RAPIDS HAYMAKERS @ WESTSIDE WOOLLY MAMMOTHS
07/17/2061
 
TOP OF THE 1ST
Great Lakes Loons batting - Pitching for Flint Wolverines : RHP Dulani Pace
Pitching: RHP Dulani Pace
Now at 2B: Pete Simmons
Now at SS: Jovanny Marta
Now in LF: Hayden Murray
Batting: SHB Blake Hafen 0-0: Ball
1-0: Swinging Strike
1-1: Ball
2-1: Fly out, F8 (Line Drive, 8LD, EV 89.4 MPH)
Batting: RHB Ivory Moore 0-0: Ball
1-0: Reached on error, E6 (Groundball, 6, EV 95.0 MPH)
Batting: LHB Lucas Cloutier 0-0: Ball
1-0: 2-RUN HOME RUN (Line Drive, 9LD, EV 94.4 MPH), Distance : 351 ft
Batting: LHB Stedman Reaves 0-0: Called Strike
0-1: Ball
1-1: Ball
2-1: Called Strike
2-2: Foul Ball, location: 2F
2-2: Ball
3-2: Base on Balls
Batting: SHB Justin Mundy 0-0: Ball
1-0: Grounds into double play, 4-6-3 (Groundball, 4, EV 108.1 MPH)
Top of the 1st over - 2 runs, 1 hit, 1 error, 0 left on base; Great Lakes 2 - Flint 0
BOTTOM OF THE 1ST
Flint Wolverines batting - Pitching for Great Lakes Loons : RHP Larry Oster
Pitching: RHP Larry Oster
Batting: SHB Cameron Blickley 0-0: Ball
1-0: Fly out, F9 (Flyball, 9S, EV 86.9 MPH)
Batting: RHB Micah Klaas 0-0: Ball
1-0: SINGLE (Groundball, P, EV 87.5 MPH) (infield hit)
Batting: RHB Pete Simmons 0-0: Called Strike
0-1: Foul Ball, location: 2F
0-2: Ball
1-2: Ball
2-2: Strikes out swinging
Batting: SHB Tim Rondeau 0-0: Ball
1-0: Ball
2-0: Ball
3-0: Called Strike
3-1: Called Strike
3-2: Fly out, F9 (Line Drive, 9D, EV 93.1 MPH)
Bottom of the 1st over - 0 runs, 1 hit, 0 errors, 1 left on base; Great Lakes 2 - Flint 0
TOP OF THE 2ND
Great Lakes Loons batting - Pitching for Flint Wolverines : RHP Dulani Pace
Batting: RHB Kaleb Meenach 0-0: Ball
1-0: Ball
2-0: SINGLE (Line Drive, 7LM, EV 105.6 MPH)
Batting: RHB John Jackson 0-0: Called Strike
0-1: Swinging Strike
0-2: Strikes out looking
Batting: RHB Cooper McCaughey 0-0: Ball
1-0: SINGLE (Line Drive, 56D, EV 106.9 MPH)
Kaleb Meenach to second
Batting: RHB Josh Goris 0-0: Ball
1-0: Foul Ball, location: 2F
1-1: Swinging Strike
1-2: Grounds into double play, 6-4-3 (Groundball, 6, EV 104.4 MPH)
Top of the 2nd over - 0 runs, 2 hits, 0 errors, 1 left on base; Great Lakes 2 - Flint 0
BOTTOM OF THE 2ND
Flint Wolverines batting - Pitching for Great Lakes Loons : RHP Larry Oster
Batting: LHB Hayden Murray 0-0: Ball
1-0: Called Strike
1-1: Ball
2-1: Foul Ball, location: 2F
2-2: DOUBLE (Groundball, 5L, EV 101.9 MPH)
Batting: RHB Callen Padgett 0-0: Ball
1-0: Foul Ball, location: 2F
1-1: Ball
2-1: Called Strike
2-2: Strikes out swinging
Batting: RHB Júlio Moreno 0-0: Called Strike
0-1: Swinging Strike
0-2: Ball
1-2: Foul Ball, location: 2F
1-2: Foul Ball, location: 2F
1-2: Strikes out looking
Batting: RHB Brad Snyder 0-0: Called Strike
0-1: Ball
1-1: Ground out 6-3 (Groundball, 6, EV 83.1 MPH)
Bottom of the 2nd over - 0 runs, 1 hit, 0 errors, 1 left on base; Great Lakes 2 - Flint 0
TOP OF THE 3RD
Great Lakes Loons batting - Pitching for Flint Wolverines : RHP Dulani Pace
Batting: SHB Blake Hafen 0-0: SINGLE (Groundball, 6D, EV 97.5 MPH)
Batting: RHB Ivory Moore 0-0: Ball
1-0: Fly out, F7 (Flyball, 7D, EV 102.5 MPH)
Batting: LHB Lucas Cloutier 0-0: Ball
1-0: Called Strike
1-1: Ball
2-1: Ball
3-1: Foul Ball, location: 2F
3-2: Base on Balls
Blake Hafen to second
Batting: LHB Stedman Reaves 0-0: Ball
1-0: Called Strike
1-1: Ball
2-1: Called Strike
2-2: Strikes out swinging
Batting: SHB Justin Mundy 0-0: Foul Ball, location: 2F
0-1: Ball
1-1: Fly out, F9 (Line Drive, 9D, EV 100.6 MPH)
Top of the 3rd over - 0 runs, 1 hit, 0 errors, 2 left on base; Great Lakes 2 - Flint 0
BOTTOM OF THE 3RD
Flint Wolverines batting - Pitching for Great Lakes Loons : RHP Larry Oster
Batting: RHB Jovanny Marta 0-0: Ball
1-0: Ball
2-0: Called Strike
2-1: Fly out, F9 (Flyball, 89D, EV 96.9 MPH)
Batting: SHB Cameron Blickley 0-0: Called Strike
0-1: Foul Ball, location: 2F
0-2: Strikes out swinging
Batting: RHB Micah Klaas 0-0: Ball
1-0: Ball
2-0: Ground out 5-3 (Groundball, 5S, EV 84.4 MPH)
Bottom of the 3rd over - 0 runs, 0 hits, 0 errors, 0 left on base; Great Lakes 2 - Flint 0
TOP OF THE 4TH
Great Lakes Loons batting - Pitching for Flint Wolverines : RHP Dulani Pace
Batting: RHB Kaleb Meenach 0-0: SINGLE (Groundball, 56D, EV 111.9 MPH)
Batting: RHB John Jackson 0-0: Ball
1-0: Called Strike
1-1: Fly out, F9 (Flyball, 9LD, EV 90.0 MPH)
Batting: RHB Cooper McCaughey 0-0: Swinging Strike
0-1: Ball
1-1: Foul Ball, location: 2F
1-2: Ball
2-2: Ball
3-2: Base on Balls
Kaleb Meenach to second
Batting: RHB Josh Goris 0-0: Foul Ball, location: 2F
0-1: Called Strike
0-2: Ball
1-2: Strikes out looking
Batting: SHB Blake Hafen 0-0: Called Strike
0-1: Foul Ball, location: 2F
0-2: Ball
1-2: Ball
2-2: Strikes out swinging
Top of the 4th over - 0 runs, 1 hit, 0 errors, 2 left on base; Great Lakes 2 - Flint 0
BOTTOM OF THE 4TH
Flint Wolverines batting - Pitching for Great Lakes Loons : RHP Larry Oster
Batting: RHB Pete Simmons 0-0: Ball
1-0: Foul Ball, location: 2F
1-1: Foul Ball, location: 2F
1-2: Ball
2-2: DOUBLE (Flyball, 78D, EV 88.1 MPH)
Batting: SHB Tim Rondeau 0-0: Ball
1-0: Ball
2-0: Foul Ball, location: 2F
2-1: Fly out, F4 (Flyball, 34D, EV 83.8 MPH)
Batting: LHB Hayden Murray 0-0: Ball
1-0: Fly out, F8 (Flyball, 8RS, EV 85.6 MPH)
Batting: RHB Callen Padgett 0-0: Called Strike
0-1: Swinging Strike
0-2: Ball
1-2: Fly out, F8 (Flyball, 8RS, EV 79.4 MPH)
Bottom of the 4th over - 0 runs, 1 hit, 0 errors, 1 left on base; Great Lakes 2 - Flint 0
TOP OF THE 5TH
Great Lakes Loons batting - Pitching for Flint Wolverines : RHP Dulani Pace
Batting: RHB Ivory Moore 0-0: Ball
1-0: Fly out, F8 (Flyball, 78M, EV 86.9 MPH)
Batting: LHB Lucas Cloutier 0-0: Swinging Strike
0-1: Ball
1-1: Called Strike
1-2: Foul Ball, location: 2F
1-2: Ball
2-2: Ball
3-2: Base on Balls
Batting: LHB Stedman Reaves 0-0: Ball
1-0: Grounds into double play, 4-6-3 (Groundball, 4, EV 109.4 MPH)
Top of the 5th over - 0 runs, 0 hits, 0 errors, 0 left on base; Great Lakes 2 - Flint 0
BOTTOM OF THE 5TH
Flint Wolverines batting - Pitching for Great Lakes Loons : RHP Larry Oster
Batting: RHB Júlio Moreno 0-0: Ground out 6-3 (Groundball, 6, EV 88.1 MPH)
Batting: RHB Brad Snyder 0-0: Called Strike
0-1: Swinging Strike
0-2: Ball
1-2: Strikes out swinging
Batting: RHB Jovanny Marta 0-0: Ball
1-0: Ground out 5-3 (Groundball, 56, EV 84.4 MPH)
Bottom of the 5th over - 0 runs, 0 hits, 0 errors, 0 left on base; Great Lakes 2 - Flint 0
TOP OF THE 6TH
Great Lakes Loons batting - Pitching for Flint Wolverines : RHP Dulani Pace
Pitching: RHP C.J. Rego
Batting: SHB Justin Mundy 0-0: Ground out 5-3 (Groundball, 5, EV 86.2 MPH)
Batting: RHB Kaleb Meenach 0-0: Hit by Pitch
Batting: RHB John Jackson 0-0: Ball
1-0: Ball
2-0: Ball
3-0: Called Strike
3-1: Called Strike
3-2: Base on Balls
Kaleb Meenach to second
Batting: RHB Cooper McCaughey 0-0: Foul Ball, location: 2F
0-1: Swinging Strike
0-2: Strikes out swinging
Batting: RHB Josh Goris 0-0: Swinging Strike
0-1: Foul Ball, location: 2F
0-2: Ball
1-2: Foul Ball, location: 2F
1-2: Foul Ball, location: 2F
1-2: Foul Ball, location: 2F
1-2: Ball
2-2: Strikes out swinging
Top of the 6th over - 0 runs, 0 hits, 0 errors, 2 left on base; Great Lakes 2 - Flint 0
BOTTOM OF THE 6TH
Flint Wolverines batting - Pitching for Great Lakes Loons : RHP Larry Oster
Batting: SHB Cameron Blickley 0-0: SINGLE (Groundball, 6M, EV 95.6 MPH)
Batting: RHB Micah Klaas 0-0: Ball
1-0: Bunted foul
1-1: Bunted foul
1-2: Ball
2-2: Foul Ball, location: 2F
2-2: SINGLE (Groundball, 34D, EV 97.5 MPH)
Cameron Blickley to second
Runner from 2nd tries for 3rd, SAFE, no throw by RF
Batting: RHB Pete Simmons 0-0: Ball
1-0: Ball
2-0: Called Strike
2-1: Called Strike
2-2: Foul Ball, location: 2F
2-2: Grounds into double play, 6-4-3 (Groundball, 6, EV 80.6 MPH)
Cameron Blickley scores
Batting: SHB Tim Rondeau 0-0: Foul Ball, location: 2F
0-1: Ground out 4-3 (Groundball, 4, EV 108.8 MPH)
Bottom of the 6th over - 1 run, 2 hits, 0 errors, 0 left on base; Great Lakes 2 - Flint 1
TOP OF THE 7TH
Great Lakes Loons batting - Pitching for Flint Wolverines : RHP C.J. Rego
Batting: SHB Blake Hafen 0-0: Ball
1-0: Swinging Strike
1-1: Ball
2-1: Foul Ball, location: 2F
2-2: Ball
3-2: Foul Ball, location: 2F
3-2: Base on Balls
Batting: RHB Ivory Moore 0-0: Called Strike
0-1: Foul Ball, location: 2F
0-2: Ball
1-2: Ball
2-2: Strikes out swinging
Pitching: RHP Kevin Weatherby
Batting: LHB Lucas Cloutier 0-0: Ball
1-0: DOUBLE (Flyball, 8LXD, EV 98.8 MPH)
Blake Hafen to third
Batting: LHB Stedman Reaves 0-0: Called Strike
0-1: Swinging Strike
0-2: Strikes out swinging
Batting: SHB Justin Mundy 0-0: Called Strike
0-1: Called Strike
0-2: Strikes out looking
Top of the 7th over - 0 runs, 1 hit, 0 errors, 2 left on base; Great Lakes 2 - Flint 1
BOTTOM OF THE 7TH
Flint Wolverines batting - Pitching for Great Lakes Loons : RHP Larry Oster
Batting: LHB Hayden Murray 0-0: Called Strike
0-1: Swinging Strike
0-2: Ball
1-2: Foul Ball, location: 2F
1-2: Reached on error, E8 (Flyball, 8LD, EV 86.9 MPH)
Batting: RHB Callen Padgett 0-0: Swinging Strike
0-1: Ball
1-1: Called Strike
1-2: Strikes out looking
Pitching: RHP Wyman Hollis
Batting: RHB Júlio Moreno 0-0: Ball
1-0: Ball
2-0: Called Strike
2-1: SINGLE (Groundball, 6MD, EV 95.0 MPH)
Hayden Murray to third
Runner from 3rd tries for Home, SAFE, throw by CF to home
Batting: RHB Brad Snyder 0-0: Called Strike
0-1: Ball
1-1: Called Strike
1-2: Fielders Choice at 2nd, 1-4 (Groundball, P, EV 67.5 MPH)
Batting: RHB Jovanny Marta 0-0: Called Strike
0-1: Ball
1-1: Ball
2-1: Ball
3-1: Fly out, F7 (Line Drive, 7, EV 91.2 MPH)
Bottom of the 7th over - 1 run, 1 hit, 1 error, 1 left on base; Great Lakes 2 - Flint 2
TOP OF THE 8TH
Great Lakes Loons batting - Pitching for Flint Wolverines : RHP Kevin Weatherby
Batting: RHB Kaleb Meenach 0-0: Ball
1-0: DOUBLE (Flyball, 8LXD, EV 97.5 MPH)
Batting: RHB John Jackson 0-0: Foul Ball, location: 2F
0-1: Swinging Strike
0-2: Strikes out swinging
Batting: RHB Cooper McCaughey 0-0: Intentional Walk
Pinch Runner at 2nd Mickael Miller:
Batting: RHB Josh Goris 0-0: Ball
1-0: Called Strike
1-1: Ball
2-1: Foul Ball, location: 2F
2-2: Strikes out swinging
Batting: SHB Blake Hafen 0-0: Swinging Strike
0-1: Fly out, F8 (Flyball, 8LM, EV 91.2 MPH)
Top of the 8th over - 0 runs, 1 hit, 0 errors, 2 left on base; Great Lakes 2 - Flint 2
BOTTOM OF THE 8TH
Flint Wolverines batting - Pitching for Great Lakes Loons : RHP Wyman Hollis
Batting: SHB Cameron Blickley 0-0: Ball
1-0: DOUBLE (Flyball, 78D, EV 106.2 MPH)
Batting: RHB Micah Klaas 0-0: Swinging Strike
0-1: Ball
1-1: Foul Ball, location: 2F
1-2: Ball
2-2: Foul Ball, location: 2F
2-2: Strikes out looking
Batting: RHB Pete Simmons 0-0: SINGLE (Line Drive, 89M, EV 107.5 MPH)
Cameron Blickley to third
Runner from 3rd tries for Home, SAFE, throw by RF to home
Batting: SHB Tim Rondeau 0-0: Ball
1-0: Ball
2-0: Called Strike
2-1: SINGLE (Line Drive, 9S, EV 100.6 MPH)
Pete Simmons to second
Runner from 2nd tries for 3rd, SAFE, no throw by RF
Batting: LHB Hayden Murray 0-0: Ball
1-0: Ball
2-0: Ball
3-0: Called Strike
3-1: Foul Ball, location: 2F
3-2: Foul Ball, location: 2F
3-2: Base on Balls
Tim Rondeau to second
Pitching: RHP Yelvin De La Cruz
Batting: RHB Callen Padgett 0-0: Ball
1-0: Foul Ball, location: 2F
1-1: Called Strike
1-2: Foul Ball, location: 2F
1-2: Ball
2-2: Ball
3-2: Base on Balls
Pete Simmons scores
Tim Rondeau to third
Hayden Murray to second
Batting: RHB Júlio Moreno 0-0: Foul Ball, location: 2F
0-1: DOUBLE (Flyball, 9LD, EV 109.4 MPH)
Tim Rondeau scores
Hayden Murray scores
Callen Padgett to third
Runner from 3rd tries for Home, SAFE, throw by RF to trailing runner, SAFE at third!
Batting: RHB Brad Snyder 0-0: Ball
1-0: Called Strike
1-1: Foul Ball, location: 2F
1-2: Ball
2-2: Ground out 4-3 (Groundball, 4, EV 79.4 MPH)
Júlio Moreno scores
Batting: RHB Jovanny Marta 0-0: Called Strike
0-1: Foul Ball, location: 2F
0-2: Ball
1-2: Ball
2-2: Strikes out swinging
Bottom of the 8th over - 6 runs, 4 hits, 0 errors, 0 left on base; Great Lakes 2 - Flint 8
TOP OF THE 9TH
Great Lakes Loons batting - Pitching for Flint Wolverines : RHP Kevin Weatherby
Batting: RHB Ivory Moore 0-0: Called Strike
0-1: Foul Ball, location: 2F
0-2: Ball
1-2: Strikes out looking
Batting: LHB Lucas Cloutier 0-0: Ball
1-0: Ball
2-0: Ball
3-0: Base on Balls
Batting: LHB Stedman Reaves 0-0: Foul Ball, location: 2F
0-1: Ball
1-1: Called Strike
1-2: Foul Ball, location: 2F
1-2: Strikes out swinging
Batting: SHB Justin Mundy 0-0: Swinging Strike
0-1: Foul Ball, location: 2F
0-2: Ball
1-2: Foul Ball, location: 2F
1-2: Strikes out looking
Top of the 9th over - 0 runs, 0 hits, 0 errors, 1 left on base; Great Lakes 2 - Flint 8
Sunday, March 23rd , 2025 - OOTP Baseball 25.11 Build 104